[ AOE2 MATCH · #483663028 ]
UnrankedMalians vs Franks
Player's team · LOSS
Rival team · WIN
[ REPLAY ANALYSIS · EXTRACTED FROM THE RECORDED GAME ]
Feudal
7:59
Castle
20:05
Imperial
—
| APM avg | 28.9 |
| APM peak | 60 |
| eAPM avg | 20.3 |
| Villagers / military | 81 / 48 |
Focus
⚔️ 28.8% · 🌾 71.2%
Spearman ×27 · Camel Scout ×12 · Gbeto ×4 · Militia ×3 · Mangonel ×2
Feudal
6:50
Castle
18:24
Imperial
34:43
| APM avg | 22.3 |
| APM peak | 42 |
| eAPM avg | 16.3 |
| Villagers / military | 105 / 92 |
Focus
⚔️ 24.1% · 🌾 75.9%
Knight ×76 · Scout Cavalry ×5 · Trebuchet (Packed) ×5 · Cavalry Archer ×4 · Monk ×2
Match map
Initial resources + every placement click. Lines = walls · curves = elevation contours. ◆ gold · ⬟ stone · ● berries · ✦ relic · ◌ wall gap
Inputs per minute
— rafał - - lolofolek
Build order — rafał
First 150 of 258 actions detected
| 0:01 | Create | Villager (Male) |
| 0:01 | Create | Villager (Male) |
| 0:06 | Build | House |
| 0:07 | Build | House |
| 0:31 | Build | Lumber Camp |
| 0:51 | Create | Villager (Male) |
| 1:25 | Create | Villager (Male) |
| 1:56 | Create | Villager (Male) |
| 1:57 | Create | Villager (Male) |
| 1:57 | Research | Loom |
| 1:57 | Research | Loom |
| 2:26 | Create | Villager (Male) |
| 2:26 | Create | Villager (Male) |
| 3:01 | Create | Villager (Male) |
| 3:18 | Build | Mill |
| 3:20 | Create | Villager (Male) |
| 3:50 | Create | Villager (Male) |
| 4:12 | Create | Villager (Male) |
| 4:14 | Create | Villager (Male) |
| 4:35 | Build | House |
| 5:18 | Create | Villager (Male) |
| 5:23 | Create | Villager (Male) |
| 5:49 | Research | Feudal Age |
| 6:03 | Build | Barracks |
| 6:29 | Build | Mining Camp |
| 6:43 | Build | Palisade Wall |
| 7:18 | Create | Villager (Male) |
| 7:18 | Create | Villager (Male) |
| 7:20 | Create | Militia |
| 7:20 | Create | Militia |
| 7:42 | Create | Villager (Male) |
| 7:59 | Age | Feudal Age |
| 8:08 | Create | Militia |
| 8:13 | Create | Villager (Male) |
| 8:18 | Build | Market |
| 8:31 | Build | House |
| 8:43 | Create | Villager (Male) |
| 8:47 | Build | Farm |
| 8:47 | Create | Villager (Male) |
| 8:52 | Build | House |
| 9:12 | Build | Palisade Wall |
| 9:13 | Build | Palisade Wall |
| 9:16 | Build | Farm |
| 9:17 | Create | Villager (Male) |
| 9:21 | Build | Farm |
| 9:29 | Build | Farm |
| 9:45 | Build | Farm |
| 9:48 | Build | Farm |
| 9:49 | Create | Villager (Male) |
| 10:11 | Research | Man-at-Arms (upgrade) |
| 10:13 | Build | Farm |
| 10:15 | Create | Villager (Male) |
| 10:24 | Create | Spearman |
| 10:24 | Create | Spearman |
| 10:34 | Build | House |
| 10:36 | Build | Palisade Wall |
| 10:38 | Build | Palisade Wall |
| 10:43 | Build | House |
| 10:45 | Build | Palisade Wall |
| 11:02 | Create | Spearman |
| 11:48 | Build | Farm |
| 11:52 | Build | Farm |
| 12:00 | Create | Villager (Male) |
| 12:02 | Build | Farm |
| 12:18 | Build | Farm |
| 12:19 | Create | Spearman |
| 12:33 | Create | Villager (Male) |
| 12:56 | Create | Spearman |
| 13:03 | Create | Villager (Male) |
| 13:06 | Build | Farm |
| 13:19 | Build | House |
| 13:21 | Build | House |
| 13:24 | Create | Villager (Male) |
| 13:44 | Create | Villager (Male) |
| 14:00 | Create | Villager (Male) |
| 14:06 | Build | House |
| 14:12 | Build | Farm |
| 14:12 | Create | Villager (Male) |
| 14:44 | Build | Farm |
| 14:46 | Build | Farm |
| 14:50 | Create | Villager (Male) |
| 14:57 | Build | Farm |
| 15:08 | Create | Villager (Male) |
| 15:13 | Build | Farm |
| 15:14 | Create | Villager (Male) |
| 15:21 | Create | Villager (Male) |
| 15:23 | Build | Farm |
| 15:46 | Create | Villager (Male) |
| 15:58 | Build | Mining Camp |
| 16:08 | Build | Mining Camp |
| 16:25 | Create | Villager (Male) |
| 16:38 | Build | Blacksmith |
| 16:42 | Create | Villager (Male) |
| 17:01 | Create | Villager (Male) |
| 17:25 | Research | Castle Age |
| 17:37 | Research | Double-Bit Axe |
| 18:24 | Research | Forging |
| 18:30 | Create | Spearman |
| 18:30 | Create | Spearman |
| 18:30 | Create | Spearman |
| 18:37 | Research | Stone Mining |
| 18:47 | Build | House |
| 18:54 | Build | Farm |
| 19:01 | Create | Spearman |
| 19:26 | Build | Barracks |
| 19:40 | Build | Farm |
| 19:50 | Create | Villager (Male) |
| 20:05 | Age | Castle Age |
| 20:07 | Research | Pikeman (upgrade) |
| 20:15 | Research | Gold Mining |
| 20:35 | Create | Villager (Male) ×3 |
| 20:54 | Research | Horse Collar |
| 21:26 | Create | Villager (Male) |
| 21:38 | Create | Spearman |
| 21:38 | Create | Spearman |
| 21:38 | Create | Spearman |
| 21:59 | Create | Spearman |
| 22:01 | Research | Scale Mail Armor |
| 22:16 | Build | House |
| 22:19 | Build | House |
| 22:23 | Build | Stone Wall |
| 22:50 | Create | Villager (Male) ×5 |
| 23:30 | Build | Town Center |
| 23:47 | Build | Castle |
| 23:57 | Build | Palisade Wall |
| 23:58 | Build | Palisade Wall |
| 24:01 | Build | Palisade Wall |
| 24:08 | Build | Palisade Wall |
| 24:12 | Create | Villager (Male) |
| 25:26 | Create | Gbeto |
| 25:43 | Build | Mining Camp |
| 25:58 | Build | Farm |
| 26:05 | Build | Palisade Wall |
| 26:06 | Build | Palisade Wall |
| 26:31 | Create | Villager (Male) |
| 26:34 | Build | Farm |
| 26:36 | Create | Villager (Male) |
| 26:45 | Build | Siege Workshop |
| 26:52 | Build | House |
| 26:53 | Build | House |
| 26:57 | Build | House |
| 26:59 | Build | House |
| 27:01 | Create | Gbeto |
| 27:01 | Create | Gbeto |
| 27:13 | Build | Farm |
| 27:24 | Build | Farm |
| 27:26 | Build | Farm |
| 27:26 | Create | Villager (Male) |
| 27:29 | Build | Farm |
| 27:48 | Create | Mangonel |
Build order — lolofolek
First 150 of 279 actions detected
| 0:05 | Create | Villager (Male) ×2 |
| 0:43 | Build | Lumber Camp |
| 0:45 | Create | Villager (Male) |
| 1:02 | Create | Villager (Male) |
| 1:23 | Build | House |
| 1:39 | Create | Villager (Male) |
| 1:54 | Build | Mill |
| 2:02 | Create | Villager (Male) |
| 2:02 | Create | Villager (Male) |
| 2:56 | Create | Villager (Male) |
| 2:56 | Create | Villager (Male) |
| 2:57 | Create | Villager (Male) |
| 3:26 | Research | Loom |
| 4:36 | Research | Feudal Age |
| 4:57 | Build | Barracks |
| 5:01 | Build | House |
| 5:53 | Create | Villager (Male) |
| 6:08 | Build | Palisade Wall |
| 6:21 | Build | House |
| 6:50 | Age | Feudal Age |
| 6:52 | Build | Stable |
| 7:07 | Create | Villager (Male) |
| 7:08 | Research | Double-Bit Axe |
| 7:28 | Create | Villager (Male) |
| 7:34 | Create | Scout Cavalry |
| 7:34 | Create | Scout Cavalry |
| 7:34 | Create | Scout Cavalry |
| 7:39 | Build | Farm |
| 7:43 | Build | Farm |
| 7:47 | Create | Villager (Male) |
| 7:56 | Build | Farm |
| 8:12 | Create | Villager (Male) |
| 8:17 | Build | Farm |
| 8:26 | Build | Farm |
| 8:35 | Create | Scout Cavalry |
| 8:44 | Create | Villager (Male) |
| 8:48 | Build | Farm |
| 8:48 | Build | Farm |
| 8:56 | Build | House |
| 8:58 | Build | House |
| 9:04 | Build | Palisade Wall |
| 9:06 | Create | Villager (Male) |
| 9:20 | Create | Scout Cavalry |
| 9:30 | Build | Farm |
| 9:37 | Build | Farm |
| 9:43 | Create | Villager (Male) |
| 9:55 | Create | Villager (Male) |
| 10:05 | Build | Farm |
| 10:10 | Build | Farm |
| 10:12 | Build | Farm |
| 10:36 | Create | Villager (Male) |
| 10:37 | Create | Villager (Male) |
| 11:12 | Create | Villager (Male) |
| 11:12 | Create | Villager (Male) |
| 11:36 | Create | Villager (Male) |
| 11:57 | Build | House |
| 12:02 | Build | House |
| 12:18 | Create | Villager (Male) |
| 12:22 | Build | House |
| 12:23 | Build | House |
| 12:28 | Build | Blacksmith |
| 12:40 | Build | Market |
| 13:08 | Create | Villager (Male) |
| 13:14 | Build | Mining Camp |
| 13:22 | Create | Villager (Male) |
| 13:32 | Build | House |
| 13:36 | Build | House |
| 13:37 | Build | House |
| 13:38 | Build | House |
| 13:39 | Create | Villager (Male) |
| 13:46 | Build | Farm |
| 13:46 | Build | Farm |
| 13:59 | Build | Farm |
| 14:01 | Build | Farm |
| 14:06 | Build | Building 796 |
| 14:10 | Build | Palisade Wall |
| 14:13 | Build | Palisade Wall |
| 14:16 | Build | Farm |
| 14:19 | Create | Villager (Male) |
| 14:41 | Build | Farm |
| 14:45 | Create | Villager (Male) |
| 14:55 | Build | Farm |
| 15:01 | Build | Farm |
| 15:02 | Build | Farm |
| 15:13 | Create | Villager (Male) |
| 15:40 | Build | House |
| 15:41 | Build | House |
| 15:44 | Build | House |
| 15:44 | Research | Castle Age |
| 15:55 | Build | Stable |
| 16:03 | Research | Scale Barding Armor |
| 16:13 | Build | Palisade Gate |
| 16:19 | Build | Palisade Wall |
| 17:19 | Create | Villager (Male) |
| 17:45 | Research | Forging |
| 17:52 | Build | Stable |
| 18:02 | Create | Villager (Male) |
| 18:24 | Age | Castle Age |
| 18:28 | Create | Knight ×5 |
| 18:31 | Research | Chain Barding Armor |
| 18:38 | Create | Knight |
| 18:39 | Create | Knight |
| 18:52 | Create | Villager (Male) |
| 19:11 | Research | Husbandry |
| 19:20 | Create | Knight |
| 19:36 | Create | Villager (Male) |
| 19:36 | Create | Villager (Male) |
| 19:42 | Build | Town Center |
| 19:46 | Create | Villager (Male) |
| 19:49 | Create | Knight |
| 19:56 | Create | Knight |
| 20:11 | Create | Villager (Male) |
| 20:14 | Create | Villager (Male) |
| 20:24 | Create | Knight |
| 20:41 | Create | Villager (Male) |
| 20:47 | Build | Monastery |
| 20:50 | Create | Villager (Male) |
| 20:54 | Create | Villager (Male) |
| 20:56 | Create | Villager (Male) |
| 20:59 | Build | Farm |
| 20:59 | Build | Farm |
| 20:59 | Build | Farm |
| 21:01 | Build | Farm |
| 21:04 | Build | Farm |
| 21:23 | Create | Villager (Male) |
| 21:25 | Build | Farm |
| 21:29 | Create | Knight |
| 21:31 | Create | Monk |
| 21:48 | Create | Villager (Male) |
| 21:57 | Create | Villager (Male) |
| 22:16 | Create | Knight ×4 |
| 22:37 | Create | Villager (Male) |
| 22:37 | Create | Villager (Male) |
| 23:16 | Create | Villager (Male) |
| 23:16 | Create | Villager (Male) |
| 23:16 | Create | Villager (Male) |
| 23:34 | Create | Villager (Male) |
| 23:35 | Create | Villager (Male) |
| 23:43 | Create | Monk |
| 23:46 | Create | Villager (Male) |
| 23:51 | Research | Fletching |
| 23:56 | Build | Archery Range |
| 24:08 | Build | Town Center |
| 24:13 | Build | Farm |
| 24:17 | Research | Wheelbarrow |
| 24:36 | Build | Farm |
| 24:52 | Research | Bodkin Arrow |
| 25:00 | Create | Villager (Male) |
| 25:00 | Create | Villager (Male) |
| 25:00 | Create | Villager (Male) |
Match timeline
| 4:57 | lolofolek · first_building Barracks |
| 6:03 | rafał · first_building Barracks |
| 6:08 | lolofolek · wall_segment Palisade Wall x2 |
| 6:43 | rafał · wall_segment Palisade Wall x9 |
| 6:50 | lolofolek · age_up feudal |
| 6:52 | lolofolek · first_building Stable |
| 7:59 | rafał · age_up feudal |
| 9:04 | lolofolek · wall_segment Palisade Wall x6 |
| 9:12 | rafał · wall_segment Palisade Wall x8 |
| 9:13 | rafał · wall_segment Palisade Wall x1 |
| 10:36 | rafał · wall_segment Palisade Wall x1 |
| 10:38 | rafał · wall_segment Palisade Wall x1 |
| 10:45 | rafał · wall_segment Palisade Wall x1 |
| 14:10 | lolofolek · wall_segment Palisade Wall x1 |
| 14:13 | lolofolek · wall_segment Palisade Wall x3 |
| 16:19 | lolofolek · wall_segment Palisade Wall x1 |
| 16:56 | rafał · first_market_buy 100 food |
| 17:07 | rafał · first_market_sell 100 stone |
| 18:24 | lolofolek · age_up castle |
| 20:05 | rafał · age_up castle |
| 20:47 | lolofolek · first_building Monastery |
| 22:23 | rafał · wall_segment Stone Wall x1 |
| 23:47 | rafał · first_building Castle |
| 23:56 | lolofolek · first_building Archery Range |
| 23:57 | rafał · wall_segment Palisade Wall x1 |
| 23:58 | rafał · wall_segment Palisade Wall x1 |
| 24:01 | rafał · wall_segment Palisade Wall x6 |
| 24:08 | rafał · wall_segment Palisade Wall x3 |
| 26:05 | rafał · wall_segment Palisade Wall x1 |
| 26:06 | rafał · wall_segment Palisade Wall x1 |
| 26:45 | rafał · first_building Siege Workshop |
| 29:19 | lolofolek · first_building Castle |
| 30:55 | lolofolek · first_market_sell 100 wood |
| 33:41 | rafał · wall_segment Stone Wall x10 |
| 33:43 | rafał · wall_segment Stone Wall x8 |
| 34:04 | rafał · wall_segment Stone Wall x21 |
| 34:34 | rafał · wall_segment Stone Wall x10 |
| 34:42 | rafał · first_building Monastery |
| 34:43 | lolofolek · age_up imperial |
| 35:27 | rafał · wall_segment Stone Wall x14 |
| 35:38 | rafał · wall_segment Stone Wall x16 |
| 36:05 | rafał · first_building Stable |
| 36:21 | rafał · wall_segment Stone Wall x7 |
| 38:30 | rafał · wall_segment Stone Wall x9 |
| 40:07 | rafał · resign |
[ AI ANALYSIS · 1 CREDIT ]
What really happened in this match?
Wolo.gg analyzes every decision: build order, eco, micro, common mistakes by bracket. Personalized analysis on WhatsApp or Discord in 30 seconds.
Civ guide
Malians
Perfil
Jugador #9506540